 Dungeon Crawl Stone Soup version 0.17-a0-1887-g3e50df6 (webtiles) character file.

692 ithil the Shield-Bearer (level 7, -1/63 HPs)
             Began as a Deep Dwarf Fighter on Sept 23, 2015.
             Slain by a river rat (3 damage)
             ... in a sewer.
             The game lasted 00:17:26 (2957 turns).

ithil the Shield-Bearer (Deep Dwarf Fighter)        Turns: 2957, Time: 00:17:26

Health: -1/63      AC:  6    Str: 26    XL:     7   Next: 36%
Magic:  6/6        EV: 11    Int:  9    God:
Gold:   69         SH: 10    Dex: 12    Spells: 0 memorised, 6 levels left

rFire  . . .     SeeInvis .     a - +0 flail
rCold  + . .     Clarity  .     B - +2 leather armour {rC+}
rNeg   . . .     SustAt   .     c - +0 shield
rPois  .         Gourm    .     (no helmet)
rElec  .         Spirit   .     (no cloak)
rCorr  .         Warding  .     k - +0 pair of gloves
rMut   .         Stasis   .     (no boots)
MR     +....                    (no amulet)
Stlth  +.........               (no ring)
                                (no ring)

@: mighty, lethally poisoned (-1 -> -1), non-regenerating, somewhat resistant to
hostile enchantments, very unstealthy
A: damage resistance, recharge devices, sense surroundings 1, slow healing 3
a: Device Recharging


You were in a sewer.
You were not hungry.

You visited 1 branch of the dungeon, and saw 4 of its levels.
You also visited: Sewer.

You collected 69 gold pieces.

Inventory:

Hand weapons
 a - a +0 flail (weapon)
 t - a +0 scythe of protection
 v - a +0 morningstar
 y - a +2 dagger of protection
 C - a +0 dagger of protection
 D - a +1 short sword of protection
Armour
 b - a +0 scale mail
 c - a +0 shield (worn)
 k - a +0 pair of gloves (worn)
 l - a -1 scale mail
 B - a +2 leather armour of cold resistance (worn)
Jewellery
 j - an uncursed ring of see invisible
 m - an uncursed amulet of guardian spirit {unknown}
 n - a cursed ring of see invisible
 o - an uncursed ring of fire {unknown}
Magical devices
 e - a wand of heal wounds (1)
 q - a wand of random effects (20)
 s - a wand of hasting (6)
 A - a wand of digging (16)
 E - a wand of slowing (30)
Scrolls
 r - 4 scrolls of identify {unknown}
 u - 2 scrolls of remove curse
 x - a scroll of magic mapping
Potions
 d - a potion of might
 g - 3 potions of brilliance
 p - a potion of agility {unknown}
 F - a potion of magic
Comestibles
 f - 4 bread rations
 h - 5 fruits
 i - 2 chunks of flesh
 w - a beef jerky
 z - a meat ration


   Skills:
 + Level 3.8 Fighting
 + Level 4.0 Maces & Flails
 + Level 4.8 Armour
 + Level 4.0 Dodging
 + Level 1.3 Stealth
 + Level 5.4 Shields
 + Level 1.0 Evocations


You had 6 spell levels left.
You didn't know any spells.

Dungeon Overview and Level Annotations

Branches:
Dungeon (4/15)
 Temple: D:4-7

Altars:
Cheibriados
Elyvilon
Gozag
Kikubaaqudgha
Makhleb


Innate Abilities, Weirdness & Mutations

You are resistant to damage.
You can recharge devices by infusing magical energy.
You passively map a small area around you.
You do not heal naturally.


Message History

The adder bites you but does no damage. You block the rat's attack.
The river rat bites you.
* * * LOW HITPOINT WARNING * * *
The adder bites you but does no damage. The river rat bites you.
* * * LOW HITPOINT WARNING * * *
You block the adder's attack. The rat closely misses you.
The river rat barely misses you.
You bludgeon the adder!!
You kill the adder!
Your Maces & Flails skill increases to level 4!
The adder misses you. You block the rat's attack. The river rat misses you.
The river rat bites you.
* * * LOW HITPOINT WARNING * * *
You closely miss the river rat. The adder bites you but does no damage.
You block the rat's attack. x2
You block the adder's attack. The river rat completely misses you.
The river rat completely misses you. The rat bites you but does no damage.
You closely miss the river rat. The adder closely misses you.
You block the rat's attack. The river rat bites you.
You die...

#....≈≈≈≈≈≈#
##...≈≈≈≈≈≈# *
####...≈≈≈≈≈≈≈ ,
#∩###..≈≈≈≈≈≈≈ ,
#.###..≈≈≈≈≈≈...
#..#...≈≈≈≈≈≈≈.#* .r
##......≈≈≈≈≈..###..
#.rr..≈≈≈≈≈≈≈..#...
##@rr..≈≈≈≈.......#
##Sr...≈≈≈≈≈......#
##.rr....≈≈≈r.....#*
##.........≈≈......#
#..#..%...≈≈≈......#
#.###.....≈≈≈≈.....##
#∩###......≈≈.......#
####.....≈.≈≈...##...
##......≈≈≈..## .r


You could see an adder, 2 river rats and 5 rats.

Vanquished Creatures
  Sigmund (D:2)
  An ogre (D:3)
  2 big kobolds (Sewer)
  A centaur skeleton (D:4)
  An orc wizard (D:3)
  Terence (D:2)
  Natasha (thrice) (D:2)
  A hound skeleton (D:4)
  3 river rats
  6 adders
  2 worms
  6 orcs (D:3)
  5 giant cockroaches
  8 goblins
  9 hobgoblins
  11 kobolds
  4 ball pythons
  13 bats
  2 giant geckos (D:1)
  2 giant newts (D:2)
  4 jackals
  3 quokkas
  18 rats
107 creatures vanquished.

Notes
Turn   | Place    | Note
--------------------------------------------------------------
     0 | D:1      | ithil the Deep Dwarf Fighter began the quest for the Orb.
     0 | D:1      | Reached XP level 1. HP: 20/20 MP: 1/1
   183 | D:1      | Reached XP level 2. HP: 24/27 MP: 2/2
   420 | D:1      | Reached skill level 1 in Dodging
   628 | D:2      | Reached XP level 3. HP: 17/33 MP: 3/3
   673 | D:2      | Noticed Natasha
   690 | D:2      | Killed Natasha
   690 | D:2      | Reached skill level 4 in Shields
   840 | D:2      | Reached XP level 4. HP: 38/42 MP: 4/4
   855 | D:2      | Noticed Sigmund
   860 | D:2      | Noticed Terence
   891 | D:2      | Killed Sigmund
   891 | D:2      | Reached XP level 5. HP: 5/49 MP: 5/5
   899 | D:2      | Killed Terence
  1205 | D:2      | Reached XP level 6. HP: 44/56 MP: 6/6
  1211 | D:2      | Noticed Natasha
  1229 | D:2      | Killed Natasha
  1370 | D:2      | Noticed Natasha
  1373 | D:2      | Found a burning altar of Makhleb.
  1377 | D:2      | Killed Natasha
  1731 | D:3      | Found an ancient bone altar of Kikubaaqudgha.
  1732 | D:3      | Found an opulent altar of Gozag.
  1803 | D:3      | Found a white marble altar of Elyvilon.
  2163 | D:3      | Reached skill level 1 in Stealth
  2163 | D:3      | Reached skill level 5 in Shields
  2235 | D:3      | Found a snail-covered altar of Cheibriados.
  2652 | D:4      | Reached XP level 7. HP: 17/62 MP: 7/7
  2665 | D:4      | Found a glowing drain.
  2669 | Sewer    | Entered a sewer
  2804 | Sewer    | HP: 3/63 [river rat (6)]
  2863 | Sewer    | Reached skill level 1 in Evocations
  2955 | Sewer    | HP: 2/63 [river rat (3)]
  2957 | Sewer    | Slain by a river rat

Vault maps used:
D:1:      saegor_arrival_under_anarchy, minmay_surrounded
D:2:      lemuel_coloured_pillars_altar, uniq_terence, uniq_sigmund,
          uniq_natasha
D:3:      gammafunk_temple_overflow_statue, lemuel_doored_altar, first_bread,
          cheibriados_altar_wand_db
D:4:      serial_shops, nicolae_shop_crystal, gup_sewer_entry_spiral
Sewer:    sewer_minmay_treatment

Action                   |  1- 3 |  4- 6 |  7- 9 || total
-------------------------+-------+-------+-------++-------
Melee: Flail             |   124 |   257 |    81 ||   462
 Abil: Device Recharging |       |       |     1 ||     1
Evoke: Wand              |     1 |     3 |     3 ||     7
  Use: Scroll            |     2 |     1 |       ||     3
       Potion            |       |     7 |     5 ||    12
 Stab: Sleeping          |       |     1 |       ||     1
  Eat: Chunk             |       |     5 |     2 ||     7
       Fruit             |       |     1 |       ||     1
